 Dungeon Crawl Stone Soup version 0.29-a0-878-g7b45a56547 (console) character file.

Game seed: 18377261133258381735

390 chamandro the Sneak (level 6, -6/42 HPs)
             Began as an Octopode Brigand on July 20, 2022.
             Mangled by Ijyb the ice beast (12 damage)
             ... on level 3 of the Dungeon.
             The game lasted 00:19:07 (3934 turns).

chamandro the Sneak (Octopode Brigand)              Turns: 3934, Time: 00:19:07

Health: -6/42      AC:  1    Str: 16    XL:     6   Next: 80%
Magic:  7/7        EV: 13    Int: 20    God:
Gold:   159        SH:  0    Dex: 15    Spells: 5/7 levels left

rFire   . . .      SeeInvis .   e - +4 short sword
rCold   . . .      Faith    .   (no shield)
rNeg    . . .      Spirit   .   (helmet restricted)
rPois   .          Reflect  .   r - amulet of the acrobat
rElec   .          Harm     .   g - +6 ring of strength
rCorr   .          Rampage  .   f - +6 ring of intelligence
Will    .....                   (no ring)
Stlth   ++++......              (no ring)
HPRegen 0.14/turn               (no ring)
MPRegen 0.10/turn               (no ring)
                                (no ring)
                                (no ring)

@: no status effects
A: almost no armour, amphibious, 8 rings, camouflage 1, gelatinous body 1,
(nimble swimmer 1), tentacles
a: no special abilities


You were on level 3 of the Dungeon.
You visited 1 branch of the dungeon, and saw 4 of its levels.

You collected 159 gold pieces.

Inventory:

Hand Weapons
 a - a +2 dagger
 e - a +4 short sword (weapon)
 j - a +0 vampiric dagger
 q - a +0 sling
 E - a +0 vorpal flail
Missiles
 b - 4 poisoned darts (quivered)
 c - 3 curare-tipped darts
 n - 2 javelins
Jewellery
 f - a +6 ring of intelligence (right tentacle)
 g - a +6 ring of strength (left tentacle)
 k - a ring of ice
 r - an amulet of the acrobat (around mantle)
Wands
 y - a wand of flame (12)
 F - a wand of polymorph (7)
Scrolls
 d - 2 scrolls of immolation {unknown}
 h - a scroll of fog {unknown}
 i - a scroll of noise {unknown}
 m - 3 scrolls of enchant armour {unknown}
 p - 2 scrolls of teleportation {unknown}
 s - a scroll of poison {unknown}
 t - 2 scrolls of fear {unknown}
 v - a scroll of amnesia {unknown}
 w - a scroll of vulnerability {unknown}
 D - a scroll of brand weapon {unknown}
Potions
 l - 3 potions of curing
 o - 2 potions of ambrosia
 u - a potion of heal wounds
 x - a potion of might
 z - a potion of haste
 A - 2 potions of degeneration {unknown}
 B - a potion of magic {unknown}
 C - a potion of attraction {unknown}


   Skills:
 + Level 3.1 Fighting
 + Level 3.1 Short Blades
 + Level 3.1 Throwing
 + Level 2.5 Dodging
 + Level 6.4 Stealth
 + Level 1.7 Unarmed Combat
 + Level 1.1 Spellcasting
 + Level 1.3 Hexes
 + Level 1.4 Ice Magic


You had 5 spell levels left.
You knew the following spells:

 Your Spells              Type           Power      Damage    Failure   Level
a - Ensorcelled Hibernat  Hex/Ice        12%        N/A       14%         2

Your spell library contained the following spells:

 Spells                   Type           Power      Damage    Failure   Level
 Freeze                   Ice            24%        1d5       10%         1
 Passwall                 Tmut/Erth      0%         N/A       26%         2
 Poisonous Vapours        Pois/Air       2%         N/A       26%         2
 Static Discharge         Conj/Air       1%         3-4/arc   26%         2
 Frozen Ramparts          Ice            12%        1d3       28%         3
 Swiftness                Air            1%         N/A       45%         3
 Hailstorm                Conj/Ice       4%         3d4       77%         4
 Corpse Rot               Necr/Pois/Air  1%         N/A       86%         4
 Lightning Bolt           Conj/Air       0%         1d11      99%         5
 Maxwell's Capacitive Co  Air            0%         ∞         100%        8


Dungeon Overview and Level Annotations

Branches:
Dungeon (4/15)
 Temple: D:4-7

Altars:
Xom

Annotations:
D:2 1 runed translucent door, exclusion: door
D:3 Ijyb
D:4 Grinder


Innate Abilities, Weirdness & Mutations

You cannot wear most types of armour.
You are amphibious.
You can wear up to eight rings at the same time.
Your skin changes colour to match your surroundings (Stealth+).
Your rubbery body absorbs attacks. (AC +1, EV +1)
((You are camouflaged when in or above water. (Stealth+)))
You have tentacles for arms and can constrict up to eight enemies at once.


Message History

The helpless quokka fails to defend itself.
You impale the quokka!!
You kill the quokka!
You see here 11 gold pieces.
Found a scroll labelled IFUNKO TANO.
The adder hisses angrily.
The adder closely misses you.
The hobgoblin shouts!
You puncture the adder! You grab the adder.
The adder is severely wounded.
You constrict the adder. The adder barely misses you.
The hobgoblin throws a javelin.
The javelin misses you. The adder bites you.
You release your grip on the adder.
Found a book of Burglary.
You hit the adder.
You kill the adder!
You have reached level 4!
You see here an adder corpse.
You hit the hobgoblin. Your grab misses the hobgoblin.
The hobgoblin is severely wounded.
The hobgoblin misses you.
You hit the hobgoblin.
You kill the hobgoblin!
m - 2 scrolls labelled BOEMIXZ ROCUIQ (gained 1)
You see here 2 javelins.
Unknown command.
Unknown command.
Pick up how many of the 2 javelins (; or enter for all)? n
Okay, then.
Unknown command.
Unknown command.
Aiming: Throw Flame
Press: ? - help, Shift-Dir - straight line, f/p - Ijyb
Aim: Ijyb the ice beast (moderately wounded, 68% to hit)
The puff of flame hits Ijyb.
Ijyb melts!
Ijyb is heavily wounded.
Ijyb hits you.
* * * LOW HITPOINT WARNING * * *
Ijyb freezes you!
You die...

..# ..#### .....# .###.# .# #.#
.###.# ...#.# ########## .#.#.#
#........# .#.#+######.....@..#
.#........#.....Y..#####
.#........#........+...#
.#........#........###.##########
.#........####'#.................
.#.#'#########....####.######.###
................>.............#
...[.....#######.#####.#####..#
.#.#.###.# #.##......###..###


You could see Ijyb the ice beast.

Vanquished Creatures
  Eustachio (D:4)
  Edmund (D:4)
  An orc wizard (D:4)
  2 adders
  2 worms
  3 dart slugs
  3 orcs (D:4)
  2 ball pythons
  8 bats
  5 endoplasms
  3 giant cockroaches
  12 hobgoblins
  9 jackals
  8 kobolds
  2 quokkas
  3 frilled lizards
  8 goblins
  A rat (D:1)
74 creatures vanquished.

Notes
Turn   | Place    | Note
-------+----------+-------------------------------------------
     0 | D:1      | chamandro the Octopode Brigand began the quest for the Orb.
     0 | D:1      | Reached XP level 1. HP: 14/14 MP: 1/1
   101 | D:1      | Reached XP level 2. HP: 10/19 MP: 2/2
   615 | D:1      | Reached XP level 3. HP: 23/24 MP: 3/3
   769 | D:1      | Found a faded altar of an unknown god.
  1194 | D:2      | Found a shimmering altar of Xom.
  1386 | D:2      | Reached XP level 4. HP: 27/30 MP: 4/4
  1748 | D:2      | Found a runed translucent door.
  2719 | D:3      | Reached skill level 6 in Stealth
  2920 | D:3      | Identified 2 scrolls of acquirement
  2922 | D:3      | Acquired a +6 ring of intelligence
  2925 | D:3      | Acquired a ring of ice
  2939 | D:4      | Learned a level 2 spell: Ensorcelled Hibernation
  2952 | D:4      | Noticed Eustachio
  3263 | D:4      | Killed Eustachio
  3264 | D:4      | Reached skill level 1 in Unarmed Combat
  3264 | D:4      | Reached skill level 1 in Ice Magic
  3264 | D:4      | Reached XP level 5. HP: 20/36 MP: 4/6
  3264 | D:4      | Reached XP level 6. HP: 23/41 MP: 4/7
  3413 | D:4      | Reached skill level 1 in Hexes
  3524 | D:4      | Noticed Grinder
  3537 | D:4      | Noticed Edmund
  3546 | D:4      | Killed Edmund
  3547 | D:4      | Reached skill level 1 in Spellcasting
  3705 | D:4      | Noticed Ijyb
  3910 | D:4      | Noticed Ijyb
  3910 | D:4      | Ijyb changed into Ijyb the ice beast
  3934 | D:3      | Mangled by Ijyb the ice beast

Illustrated notes

Levels and vault maps discovered:
D:1:      lemuel_arrival_funnel, layout_basic,
          shapermc_ecumenical_altar_starsandcircs
D:2:      layout_basic, basic_altar, hangedman_decor_lopped,
          uniq_crazy_yiuf_cottage
D:3:      layout_basic
D:4:      layout_cave_pools, serial_co_window_serial, co_window_paths_a,
          co_window_of_opportunity_a, co_window_of_opportunity_a,
          co_window_paths_b, co_window_of_opportunity_a, co_window_corner_ca,
          co_window_corner_b, co_window_broadway_a, co_window_unsneaky_path_c,
          chequers_serial_rivers_micro_a, uniq_grinder, uniq_eustachio,
          uniq_ijyb, uniq_blork_the_orc, uniq_edmund

Skill      XL: |  1  2  3  4  5  6 |
---------------+-------------------+-----
Stealth        | 6 |  6.4
Dodging        | 2 |  2.5
Unarmed Combat | 1 |  1.7
Ice Magic      | 1 |  1.4
Hexes          | 1 |  1.3
Fighting       | 3 |  3.1
Short Blades   | 3 |  3.1
Throwing       | 3 |  3.1
Spellcasting   | 1 |  1.1

Action                   |  1- 3 |  4- 6 || total
-------------------------+-------+-------++-------
Melee: Dagger            |    22 |       ||    22
       Constrict         |    13 |    13 ||    26
       Tentacles         |     7 |    17 ||    24
       Short sword       |    49 |    57 ||   106
       Punch             |     1 |     2 ||     3
Throw: Dart              |       |    18 ||    18
Evoke: Wand              |       |     3 ||     3
  Use: Scroll            |       |     9 ||     9
 Stab: Sleeping          |    16 |    11 ||    27
Armor: Skin              |     5 |       ||     5
Dodge: Dodged            |    41 |    34 ||    75

Table legend: (Time is in decaauts)
 A = Elapsed time spent in this place.
 B = Non-inter-level travel time spent in this place.
 C = Inter-level travel time spent in this place.
 D = Time resting spent in this place.
 E = Time spent auto-exploring this place.
 F = Levels seen in this place.
 G = Mean time per level.
                   A        B        C        D        E       F      G
               +--------+--------+--------+--------+--------+-----+--------+
         Total |   3925 |   3815 |    110 |    642 |   2436 |   4 |  981.2 |
       Dungeon |   3925 |   3815 |    110 |    642 |   2436 |   4 |  981.2 |
               +--------+--------+--------+--------+--------+-----+--------+

Top non-repeatable levels by time:
     D:3: 1245 daAuts
     D:1: 1175 daAuts
     D:2: 799 daAuts
     D:4: 705 daAuts
